 Dungeon Crawl Stone Soup version 0.30-a0-250-g41c1d76940 (webtiles) character file.

Game seed: 4849374492197780872

256 themarg the Fighter (level 5, -15/53 HPs)
             Began as a Minotaur Monk on Oct 12, 2022.
             Demolished by an ogre
             ... wielding a +0 giant spiked club
              (21 damage)
             ... on level 4 of the Dungeon.
             The game lasted 00:05:41 (2525 turns).

themarg the Fighter (Minotaur Monk)                 Turns: 2525, Time: 00:05:42

Health: -15/53     AC:  8    Str: 18    XL:     5   Next: 92%
Magic:  4/4        EV:  8    Int:  7    God:
Gold:   161        SH:  0    Dex: 12    Spells: 4/4 levels left

rFire   . . .      SeeInvis .    j - +2 hand axe (venom)
rCold   . . .      Faith    .    (no shield)
rNeg    . . .      Spirit   .    g - +0 chain mail
rPois   .          Reflect  .    (helmet restricted)
rElec   .          Harm     .    (no cloak)
rCorr   .          Rampage  .    (no gloves)
Will    .....                    (no boots)
Stlth   ..........               (no amulet)
HPRegen 0.28/turn                (no ring)
MPRegen 0.09/turn                (no ring)

@: about to teleport
A: horns 2, retaliatory headbutt
a: no special abilities


You were on level 4 of the Dungeon.
You visited 1 branch of the dungeon, and saw 4 of its levels.

You collected 161 gold pieces.

Inventory:

Hand Weapons
 j - a +2 hand axe of venom (weapon)
Missiles
 a - 3 boomerangs
 f - 51 stones
 i - 4 poisoned darts (quivered)
 q - 5 atropa-tipped darts
Armour
 g - a +0 chain mail (worn)
Scrolls
 b - a scroll of fear {unknown}
 h - a scroll of teleportation
 l - a scroll of immolation {unknown}
 m - a scroll of acquirement {unknown}
 n - a scroll of magic mapping {unknown}
 o - a scroll of enchant armour {unknown}
 r - a scroll of poison {unknown}
Potions
 c - a potion of ambrosia
 d - a potion of brilliance {unknown}
 e - 3 potions of curing {unknown}
 k - a potion of haste {unknown}
 p - a potion of attraction {unknown}


   Skills:
 + Level 8.1 Fighting
 - Level 3.6 Axes
 - Level 3.2 Dodging
 - Level 1.5 Stealth


You had 4 spell levels left.
You didn't know any spells.
Your spell library contained the following spells:

 Spells                   Type           Power      Damage    Failure   Level
 Shock                    Conj/Air       0%         1d3       100%        1
 Gell's Gravitas          Tloc           0%         N/A       100%        3
 Lesser Beckoning         Tloc           0%         N/A       100%        3
 Swiftness                Air            0%         N/A       100%        3
 Teleport Other           Tloc           0%         N/A       100%        3
 Airstrike                Air            0%         2d(0-16)  100%        4


Dungeon Overview and Level Annotations

Branches:
Dungeon (4/15)
 Temple: D:4-7

Altars:
Cheibriados


Innate Abilities, Weirdness & Mutations

You have a pair of horns on your head.
You reflexively headbutt those who attack you in melee.


Message History

You throw a poisoned dart.
The poisoned dart barely misses the ogre.
Throw: 9 darts (poison)
Press: ? - help, Q - select action, (/) - cycle Shift-Dir - straight line, f/p - ogre
Aim: an ogre, wielding a +0 giant spiked club (76% to hit)
You throw a poisoned dart. The poisoned dart hits the ogre.
Throw: 8 darts (poison)
Press: ? - help, Q - select action, (/) - cycle Shift-Dir - straight line, f/p - ogre
Aim: an ogre, wielding a +0 giant spiked club (76% to hit)
You throw a poisoned dart.
The poisoned dart barely misses the ogre.
Throw: 7 darts (poison)
Press: ? - help, Q - select action, (/) - cycle Shift-Dir - straight line, f/p - ogre
Aim: an ogre, wielding a +0 giant spiked club (76% to hit)
You throw a poisoned dart. The poisoned dart hits the ogre.
The ogre is poisoned.
Throw: 6 darts (poison)
Press: ? - help, Q - select action, (/) - cycle Shift-Dir - straight line, f/p - ogre
Aim: an ogre, wielding a +0 giant spiked club (poisoned, 76% to hit)
You throw a poisoned dart. The poisoned dart hits the ogre.
The ogre looks even sicker.
Throw: 5 darts (poison)
Press: ? - help, Q - select action, (/) - cycle Shift-Dir - straight line, f/p - ogre
Aim: an ogre, wielding a +0 giant spiked club (very poisoned, 76% to hit)
You throw a poisoned dart. The poisoned dart hits the ogre.
You hit the ogre.
You headbutt the ogre, but do no damage.
The ogre is lightly wounded.
The ogre hits you with a +0 giant spiked club!
You hit the ogre.
You headbutt the ogre, but do no damage.
The ogre is moderately wounded.
The ogre hits you with a +0 giant spiked club!!
Ouch! That really hurt!
* * * LOW HITPOINT WARNING * * *
As you read the scroll labelled ZAERAGAT BASIYSI, it crumbles to dust.
You feel strangely unstable.
It was a scroll of teleportation.
The ogre attacks as you move away!
The ogre hits you with a +0 giant spiked club!!
You die...

. .?.. #. #...#
###(####....
#.._(......
.......
#.#.#(....
.......
#........
.......
#..#...(######
.......
#.....((O@.##
........
#.....####..##
..........
#....##
##..###........#
.......
##............##
.......
####..........#
.......
#...........
.......
#...........
.#..###
#...........
#..........#


You could see an ogre (poisoned).

Vanquished Creatures
  A centaur (D:3)
  An orc priest (D:3)
  An orc wizard (D:3)
  A gnoll (D:1)
  3 adders
  An ufetubus (D:3)
  3 dart slugs
  5 orcs (D:3)
  7 ball pythons
  7 bats
  4 endoplasms
  4 giant cockroaches
  A goblin (D:1)
  3 hobgoblins
  7 jackals
  9 kobolds
  8 quokkas
  5 frilled lizards
71 creatures vanquished.

Notes
Turn   | Place    | Note
-------+----------+-------------------------------------------
     0 | D:1      | themarg the Minotaur Monk began the quest for the Orb.
     0 | D:1      | Reached XP level 1. HP: 19/19 MP: 0/0
     2 | D:1      | Noticed a draconian
     2 | D:1      | Noticed a vine stalker
     4 | D:1      | Noticed a spriggan
     4 | D:1      | Noticed a demigod
     6 | D:1      | Noticed an armataur
     8 | D:1      | Noticed a merfolk
     8 | D:1      | Noticed a demonspawn
    10 | D:1      | Noticed a formicid
    10 | D:1      | Noticed an ogre
    12 | D:1      | Noticed a minotaur
    12 | D:1      | Noticed a meteoran
    14 | D:1      | Noticed a gargoyle
    14 | D:1      | Noticed a tengu
    16 | D:1      | Noticed a ghoul
    16 | D:1      | Noticed a naga
    18 | D:1      | Noticed an elf
    18 | D:1      | Noticed a human
    20 | D:1      | Noticed a troll
    20 | D:1      | Noticed a vampire
    24 | D:1      | Noticed an octopode
    24 | D:1      | Noticed a formicid
    26 | D:1      | Noticed an octopode
    49 | D:1      | Reached skill level 4 in Fighting
    49 | D:1      | Reached XP level 2. HP: 22/28 MP: 1/1
   300 | D:1      | Reached skill level 5 in Fighting
   401 | D:1      | Reached XP level 3. HP: 30/36 MP: 2/2
  1315 | D:2      | Reached XP level 4. HP: 44/44 MP: 3/3
  1331 | D:2      | Reached skill level 6 in Fighting
  1495 | D:3      | Noticed a centaur
  1512 | D:3      | Killed a centaur
  1513 | D:3      | Reached skill level 7 in Fighting
  1513 | D:3      | Reached XP level 5. HP: 14/52 MP: 4/4
  2066 | D:3      | Reached skill level 8 in Fighting
  2505 | D:4      | Found a snail-covered altar of Cheibriados.
  2511 | D:4      | Noticed an ogre
  2525 | D:4      | Demolished by an ogre

Illustrated notes

Levels and vault maps discovered:
D:1:      kb_arrival_jail, layout_rooms, kennysheep_decorative_pillar
D:2:      layout_basic
D:3:      layout_basic
D:4:      layout_rooms, lemuel_crystal_altar,
          mainiacjoe_overflow_surrounded_room, uniq_edmund, uniq_grinder

Skill      XL: |  1  2  3  4  5 |
---------------+----------------+-----
Fighting       | 4 5 7 8 |  8.1
Axes           | |  3.6
Dodging        | |  3.2
Stealth        | |  1.5

Action                   |  1- 3 |  4- 6 || total
-------------------------+-------+-------++-------
Melee: Hand axe          |    87 |    82 ||   169
       Headbutt          |    11 |    13 ||    24
Throw: Dart              |       |     6 ||     6
  Use: Scroll            |       |     1 ||     1
Armor: Robe              |     7 |       ||     7
       Chain mail        |    28 |    51 ||    79
Dodge: Dodged            |    59 |    40 ||    99

Table legend: (Time is in decaauts)
 A = Elapsed time spent in this place.
 B = Non-inter-level travel time spent in this place.
 C = Inter-level travel time spent in this place.
 D = Time resting spent in this place.
 E = Time spent auto-exploring this place.
 F = Levels seen in this place.
 G = Mean time per level.
                   A        B        C        D        E       F      G
               +--------+--------+--------+--------+--------+-----+--------+
         Total |   2544 |   2473 |     71 |    311 |   1731 |   4 |  636.0 |
       Dungeon |   2544 |   2473 |     71 |    311 |   1731 |   4 |  636.0 |
               +--------+--------+--------+--------+--------+-----+--------+

Top non-repeatable levels by time:
     D:3: 940 daAuts
     D:1: 757 daAuts
     D:2: 733 daAuts
     D:4: 112 daAuts
